General information
- name: BNet
- type: Ladder team game (AT/RT)
- host: Battle.net
- saver: GHETTO_FORSAKEN
map: Battleground
- players: 8
- length: 12:04
- speed: Fast
- version: 1.26 W3XP
- replay type: Public
» download(82 KB)
Players
team 1 (loser)

»
JiggaFlo (
pink | 32 APM | 271 actions | 08:27)
1 Death Knight
1 Death Coil
1 Lich
1 Frost Nova
» actions
| Assign group hotkey | 7 | |
| Basic commands | 12 | |
| Build / train | 22 | |
| Enter build submenu | 7 | |
| Enter hero's abilities submenu | 2 | |
| Right click | 118 | |
| Select / deselect | 85 | |
| Select group hotkey | 7 | |
| Use ability | 11 | |
271 total
» units
| Acolyte | 3 | |
| Ghoul | 8 | |
| Crypt Fiend | 2 | |
13 total
» buildings
| Altar of Darkness | 1 | |
| Crypt | 1 | |
| Ziggurat | 3 | |
| Graveyard | 1 | |
| Nerubian Tower | 1 | |
| Tomb of Relics | 1 | |
| Halls of the Dead | 1 | |
| Spirit Tower | 1 | |
10 total
» build order
00:08 Altar of Darkness
00:11 Crypt
00:45 Ziggurat
01:41 Graveyard
01:50 Nerubian Tower
02:03 Tomb of Relics
02:33 Ziggurat
02:36 Ziggurat
03:23 Halls of the Dead
06:32 Spirit Tower
» items

»
GHETTO_FORSAKEN (
yellow | 48 APM | 584 actions | 12:04)
1 Demon Hunter
1 Mana Burn
1 Naga Sea Witch
1 Frost Arrows
» actions
| Assign group hotkey | 8 | |
| Basic commands | 31 | |
| Build / train | 32 | |
| ESC pressed | 1 | |
| Enter build submenu | 21 | |
| Enter hero's abilities submenu | 2 | |
| Give item / drop item | 1 | |
| Right click | 183 | |
| Select / deselect | 150 | |
| Select group hotkey | 98 | |
| Use ability | 57 | |
584 total
» units
» upgrades
| Ultravision | 1 | |
| Strength of the Wild | 1 | |
| Reinforced Hides | 1 | |
3 total
» buildings
| Altar of Elders | 1 | |
| Moon Well | 6 | |
| Ancient of War | 1 | |
| Ancient of Wonders | 1 | |
| Hunter's Hall | 1 | |
| Ancient Protector | 1 | |
| Tree of Ages | 1 | |
12 total
» build order
00:30 Altar of Elders
00:50 Moon Well
01:15 Ancient of War
03:00 Ancient of Wonders
04:30 Hunter's Hall
05:17 Moon Well
05:32 Moon Well
06:38 Ancient Protector
08:24 Tree of Ages
09:02 Moon Well
09:06 Moon Well
09:09 Moon Well
» items
| Scroll of Town Portal | 1 | |
| Potion of Healing | 3 | |
| Orb of Venom | 1 | |
5 total

»
iBetYouSmurf (
teal | 57 APM | 682 actions | 11:53)
2 Demon Hunter
1 Immolation
1 Mana Burn
» actions
| Basic commands | 3 | |
| Build / train | 42 | |
| Enter build submenu | 13 | |
| Enter hero's abilities submenu | 2 | |
| Remove unit from queue | 4 | |
| Right click | 389 | |
| Select / deselect | 188 | |
| Use ability | 41 | |
682 total
» units
| Wisp | 15 | |
| Archer | 11 | |
| Druid of the Talon | 5 | |
31 total
» upgrades
| Druid of the Talon Training | 2 | |
2 total
» buildings
| Altar of Elders | 1 | |
| Moon Well | 6 | |
| Ancient of War | 1 | |
| Tree of Ages | 1 | |
| Ancient of Wonders | 1 | |
| Ancient of Wind | 1 | |
| Tree of Eternity | 1 | |
| Chimaera Roost | 2 | |
14 total
» build order
00:19 Altar of Elders
00:36 Moon Well
01:29 Ancient of War
01:38 Moon Well
02:33 Moon Well
03:07 Tree of Ages
03:30 Ancient of Wonders
05:58 Ancient of Wind
06:59 Tree of Eternity
07:09 Moon Well
08:50 Moon Well
09:35 Chimaera Roost
10:23 Moon Well
10:55 Chimaera Roost
MomoiroOmnio (
purple | 56 APM | 445 actions | 08:00)
1 Paladin
1 Holy Light
» actions
| Assign group hotkey | 2 | |
| Basic commands | 16 | |
| Build / train | 15 | |
| Enter build submenu | 10 | |
| Enter hero's abilities submenu | 1 | |
| Right click | 310 | |
| Select / deselect | 69 | |
| Select group hotkey | 3 | |
| Use ability | 19 | |
445 total
» units
» upgrades
» buildings
| Farm | 5 | |
| Altar of Kings | 1 | |
| Barracks | 2 | |
| Lumber Mill | 1 | |
| Blacksmith | 1 | |
| Keep | 1 | |
| Arcane Vault | 1 | |
12 total
» build order
00:07 Farm
00:08 Farm
00:16 Altar of Kings
00:19 Barracks
02:12 Lumber Mill
03:12 Barracks
03:26 Blacksmith
03:51 Farm
04:13 Keep
06:07 Farm
06:10 Farm
06:14 Arcane Vault
team 2 (winner)
snakeblade (
blue | 35 APM | 426 actions | 12:04)
3 Blademaster
2 Wind Walk
1 Critical Strike
» actions
| Build / train | 37 | |
| Enter build submenu | 10 | |
| Enter hero's abilities submenu | 3 | |
| Give item / drop item | 5 | |
| Right click | 229 | |
| Select / deselect | 112 | |
| Use ability | 30 | |
426 total
» units
» upgrades
| Ranged Weapons | 3 | |
| Spiked Barricades | 1 | |
| Liquid Fire | 1 | |
| Reinforced Defenses | 1 | |
| Armor | 1 | |
7 total
» buildings
| Altar of Storms | 1 | |
| Orc Burrow | 3 | |
| Voodoo Lounge | 2 | |
| Stronghold | 3 | |
| War Mill | 1 | |
| Fortress | 1 | |
| Beastiary | 3 | |
14 total
» build order
00:09 Altar of Storms
00:14 Orc Burrow
00:38 Voodoo Lounge
01:22 Orc Burrow
01:37 Voodoo Lounge
02:04 Orc Burrow
03:12 Stronghold
03:12 Stronghold
03:34 War Mill
05:36 Fortress
05:41 Beastiary
05:43 Beastiary
05:46 Beastiary
» items
| Healing Salve | 2 | |
| Circlet of Nobility | 3 | |
| Boots of Speed | 1 | |
| Staff of Teleportation | 1 | |
| Scroll of Speed | 1 | |
8 total
diamondPlayer (
orange | 48 APM | 574 actions | 12:04)
2 Mountain King
1 Storm Bolt
1 Bash
1 Paladin
1 Holy Light
» actions
| Assign group hotkey | 10 | |
| Basic commands | 24 | |
| Build / train | 55 | |
| Enter build submenu | 18 | |
| Enter hero's abilities submenu | 3 | |
| Right click | 274 | |
| Select / deselect | 128 | |
| Select group hotkey | 40 | |
| Use ability | 22 | |
574 total
» units
| Peasant | 13 | |
| Footman | 6 | |
| Knight | 2 | |
| Siege Engine | 2 | |
23 total
» upgrades
| Plating | 1 | |
| Swords | 1 | |
| Barrage | 1 | |
| Animal War Training | 1 | |
| Lumber Harvesting | 1 | |
5 total
» buildings
| Altar of Kings | 1 | |
| Farm | 8 | |
| Barracks | 2 | |
| Arcane Vault | 1 | |
| Lumber Mill | 1 | |
| Keep | 3 | |
| Blacksmith | 1 | |
| Castle | 1 | |
| Workshop | 1 | |
19 total
» build order
00:14 Altar of Kings
00:17 Farm
01:05 Barracks
01:10 Farm
01:39 Arcane Vault
01:48 Farm
01:59 Lumber Mill
02:35 Farm
05:40 Keep
05:41 Keep
06:15 Blacksmith
07:21 Farm
08:11 Castle
09:21 Barracks
09:24 Workshop
09:27 Farm
09:31 Farm
10:40 Farm
» items

»
RTRoulette (
green | 124 APM | 1494 actions | 12:04)
5 Lich
3 Frost Nova
2 Dark Ritual
» actions
| Assign group hotkey | 27 | |
| Basic commands | 51 | |
| Build / train | 34 | |
| Enter build submenu | 10 | |
| Enter hero's abilities submenu | 5 | |
| Right click | 698 | |
| Select / deselect | 347 | |
| Select group hotkey | 273 | |
| Use ability | 49 | |
1494 total
» units
| Acolyte | 2 | |
| Ghoul | 2 | |
| Crypt Fiend | 11 | |
15 total
» upgrades
| Creature Attack | 2 | |
| Creature Carapace | 2 | |
| Burrow | 1 | |
| Web | 1 | |
6 total
» buildings
| Altar of Darkness | 1 | |
| Ziggurat | 4 | |
| Crypt | 1 | |
| Graveyard | 1 | |
| Tomb of Relics | 1 | |
| Halls of the Dead | 1 | |
| Spirit Tower | 2 | |
| Nerubian Tower | 1 | |
| Black Citadel | 1 | |
13 total
» build order
00:09 Altar of Darkness
00:11 Ziggurat
00:32 Crypt
01:06 Graveyard
01:12 Tomb of Relics
01:27 Ziggurat
04:31 Halls of the Dead
04:59 Ziggurat
05:56 Spirit Tower
05:57 Nerubian Tower
06:10 Spirit Tower
06:11 Ziggurat
11:58 Black Citadel
» items
BOOTtheGong (
red | 27 APM | 327 actions | 12:04)
1 Demon Hunter
1 Immolation
» actions
| Basic commands | 6 | |
| Build / train | 29 | |
| Enter build submenu | 24 | |
| Enter hero's abilities submenu | 1 | |
| Right click | 126 | |
| Select / deselect | 114 | |
| Use ability | 27 | |
327 total
» units
» upgrades
| Strength of the Wild | 1 | |
| Reinforced Hides | 1 | |
2 total
» buildings
| Altar of Elders | 1 | |
| Moon Well | 9 | |
| Hunter's Hall | 1 | |
| Ancient Protector | 4 | |
| Ancient of War | 2 | |
| Ancient of Wonders | 1 | |
| Tree of Ages | 1 | |
| Tree of Life | 1 | |
| Tree of Eternity | 1 | |
21 total
» build order
00:11 Altar of Elders
00:29 Moon Well
01:15 Hunter's Hall
02:34 Ancient Protector
03:05 Moon Well
03:41 Ancient Protector
03:48 Moon Well
04:15 Ancient of War
04:26 Ancient Protector
05:32 Ancient of Wonders
05:36 Ancient of War
06:09 Moon Well
07:05 Tree of Ages
07:56 Moon Well
08:19 Moon Well
09:07 Moon Well
09:10 Moon Well
09:14 Moon Well
09:24 Ancient Protector
09:58 Tree of Life
10:45 Tree of Eternity
Chat log
(00:06 / All) iBetYouSmurf: FUCKING NIGHT ELF
(00:24 / Allies) MomoiroOmnio: mass rifles
(00:25 / Allies) MomoiroOmnio: here
(00:25 / All) RTRoulette: bet u start immolation huh fucker
(00:26 / Allies) JiggaFlo: dont leave
(00:28 / Allies) MomoiroOmnio: hi Jigga
(00:30 / Allies) JiggaFlo: he might come back
(00:32 / Allies) JiggaFlo: sup
(00:39 / Allies) JiggaFlo: hes here
(00:45 / All) GHETTO_FORSAKEN: Who are you people and where is my horse?
(00:49 / All) iBetYouSmurf: YESS WITH IMMOLATION I CAN CREEP ALONE
(00:56 / All) diamondPlayer: the horse is boning your mom
(00:58 / Allies) JiggaFlo: man had some horrible bitch ass noob allies last game
(01:00 / All) diamondPlayer: she likes it that way
(01:12 / Allies) JiggaFlo: dude ketp fighting me for micro
(01:15 / Allies) JiggaFlo: not saying anything
(01:27 / Allies) JiggaFlo: got me fucked up and harassed at my base
(01:32 / Allies) MomoiroOmnio: sad...
(01:35 / Allies) JiggaFlo: was so pissed i tkd him
(01:36 / Allies) MomoiroOmnio: so you lost Jig?
(01:37 / Allies) JiggaFlo: i never tk
(01:42 / All) RTRoulette: oh it's this map
(01:53 / Allies) MomoiroOmnio: well I don't want to lose
(02:00 / Allies) iBetYouSmurf: why not
(02:09 / Allies) MomoiroOmnio: human is my worst playing race
(02:16 / Allies) JiggaFlo: really
(02:23 / Allies) JiggaFlo: maby becaueu went pally first
(02:24 / Allies) MomoiroOmnio: yes really
(02:25 / Allies) JiggaFlo: dude
(02:40 / Allies) JiggaFlo: human my best
(02:50 / Allies) MomoiroOmnio: they got the worst units
(02:52 / Allies) MomoiroOmnio: in the game
(02:56 / Allies) JiggaFlo: nah
(03:02 / Allies) JiggaFlo: human owns
(03:04 / Allies) MomoiroOmnio: okay you prove it then
(03:07 / Allies) JiggaFlo: go workshop
(03:12 / Allies) JiggaFlo: tanks morts gyros
(03:15 / Allies) JiggaFlo: own everything
(03:18 / All) GHETTO_FORSAKEN: Oh shit guys
(03:30 / Allies) MomoiroOmnio: we'll lack aa
(03:32 / Allies) MomoiroOmnio: if we do that
(03:33 / All) GHETTO_FORSAKEN: I just realized we're playing with Flashbang from the WGDF
(03:44 / Allies) JiggaFlo: fag teak
(03:47 / Allies) JiggaFlo: take my creeps
(03:49 / Allies) JiggaFlo: i should tk you
(03:55 / All) RTRoulette: time to quit out of fear?
(03:55 / Allies) JiggaFlo: noob
(03:57 / All) GHETTO_FORSAKEN: And somehow an even worse player too.
(04:00 / All) GHETTO_FORSAKEN: No no
(04:05 / All) GHETTO_FORSAKEN: Time to point and laugh at us.
(04:06 / Allies) MomoiroOmnio: stop it please
(04:10 / Allies) MomoiroOmnio: can't we just win?
(04:10 / Allies) JiggaFlo: nope
(04:14 / All) GHETTO_FORSAKEN: Uh
(04:14 / Allies) JiggaFlo: taht archer
(04:15 / Allies) JiggaFlo: dies
(04:16 / All) RTRoulette: is purple flashbang?
(04:18 / Allies) JiggaFlo: for tkaeing my creeps
(04:18 / All) GHETTO_FORSAKEN: Not if pink killls us
(04:19 / All) GHETTO_FORSAKEN: Yeah
(04:29 / Allies) JiggaFlo: stop teal
(04:32 / All) MomoiroOmnio: yes I'm aka
(04:33 / Allies) JiggaFlo: u stole my creesp
(04:36 / Allies) JiggaFlo: i killed 2 archer
(04:37 / All) MomoiroOmnio: Flashbanfg_Omnix
(04:39 / Allies) JiggaFlo: u hk me
(04:40 / Allies) JiggaFlo: ok
(04:43 / Allies) JiggaFlo: its gg now
(04:48 / All) GHETTO_FORSAKEN: Ok green
(04:50 / All) GHETTO_FORSAKEN: Wanna team up with us
(04:52 / All) GHETTO_FORSAKEN: to kill pink?
(04:53 / Allies) JiggaFlo: sry
(04:54 / Allies) JiggaFlo: we lose
(04:58 / Allies) JiggaFlo: this noob
(05:01 / All) RTRoulette: ?
(05:02 / Allies) JiggaFlo: really stole my creeps
(05:06 / Allies) JiggaFlo: and my strr tomb
(05:07 / All) GHETTO_FORSAKEN: purp you wanna join in too?
(05:10 / Allies) JiggaFlo: even tho hes agi
(05:11 / All) GHETTO_FORSAKEN: Cause he's teamkilling
(05:13 / Allies) JiggaFlo: were tking teal
(05:17 / All) MomoiroOmnio: don't have time for you guys
(05:30 / Allies) JiggaFlo: teeals out
(05:33 / All) diamondPlayer: why u fags search 4v4. go play a custom game if u wanna ruin it
(05:38 / All) GHETTO_FORSAKEN: Green
(05:41 / Allies) JiggaFlo: he rewined
(05:41 / All) GHETTO_FORSAKEN: Let's work together on this
(05:43 / All) GHETTO_FORSAKEN: Gotta kill pink
(05:44 / Allies) JiggaFlo: stole my cresp
(05:51 / Allies) iBetYouSmurf: ty
(05:55 / All) GHETTO_FORSAKEN: It's what Michael Lowell would want.
(06:22 / All) GHETTO_FORSAKEN: Waiting on you gyus
(06:30 / Allies) MomoiroOmnio: creep with you?
(06:41 / Allies) MomoiroOmnio: no tp
(06:42 / Allies) JiggaFlo: ok momo
(06:47 / Allies) JiggaFlo: ill ban u then
(06:52 / Allies) MomoiroOmnio: what?
(06:54 / Allies) JiggaFlo: gg
(06:55 / All) GHETTO_FORSAKEN: Does your dad work at blizzard or something pink?
(06:57 / Allies) JiggaFlo: im banning u
(07:05 / Allies) JiggaFlo: no hes in my clan
(07:07 / Allies) MomoiroOmnio: no...
(07:10 / All) GHETTO_FORSAKEN: Oh really lawl
(07:11 / Allies) JiggaFlo: wants to act like a bitch
(07:22 / Allies) JiggaFlo: got my hero killed
(07:23 / All) RTRoulette: my brother works for steam
(07:24 / All) RTRoulette: watch out
(07:29 / Allies) MomoiroOmnio: stop it
(07:33 / Allies) MomoiroOmnio: why would you ban me>?\
(07:34 / All) GHETTO_FORSAKEN: HOW DARE YOU HURT FLASHBANG
(07:40 / All) GHETTO_FORSAKEN: HE'S DONE MORE FOR THE WGDF THAN YOU EVER HAVE
(07:42 / All) iBetYouSmurf: WILL HE TAKE MY HATS????
(07:43 / Allies) JiggaFlo: cuz ur noob
(07:44 / Allies) JiggaFlo: dude
(07:46 / Allies) JiggaFlo: w/e
(07:47 / Allies) JiggaFlo: ur banned
(07:49 / All) RTRoulette: all of them
(07:50 / Allies) JiggaFlo: i dont give a fuck
(07:51 / All) GHETTO_FORSAKEN: LIKE MAKE LISTS OF ANIME GIRLS HE WANTS TO FUC
(07:55 / Allies) JiggaFlo: this noob steals my creeps
(07:56 / All) diamondPlayer: wtf is the wgdf
(07:56 / Allies) MomoiroOmnio: no
(07:57 / Allies) JiggaFlo: then tks my hero
(08:00 / All) diamondPlayer: freakin nerds die
(08:02 / Allies) JiggaFlo: and you say im the asshole
(08:03 / All) RTRoulette: the greatest place ever
(08:04 / Allies) JiggaFlo: the tker
(08:09 / Allies) JiggaFlo: gtf outa here
(08:09 / Allies) JiggaFlo: noob
(08:10 / All) RTRoulette: lol diamond guy talking trash
(08:27 / All) diamondPlayer: go play with each others c0cks. u pack of fags
(08:31 / All) GHETTO_FORSAKEN: ok cool
(08:34 / All) iBetYouSmurf: WE CAN DO THIS PIES
(08:38 / All) GHETTO_FORSAKEN: right there with ya
(08:49 / All) GHETTO_FORSAKEN: Yeah I've been slouching this game
(08:53 / All) GHETTO_FORSAKEN: oops
(09:43 / All) GHETTO_FORSAKEN: And even if we should fall
(09:47 / All) GHETTO_FORSAKEN: I've accomplished my goal this game.
(11:48 / All) iBetYouSmurf: FUCK
(11:51 / All) iBetYouSmurf: TIME TO MAP HACK
(11:51 / All) GHETTO_FORSAKEN: Oh lol